 Dungeon Crawl Stone Soup version 0.30-a0-852-g08b95dd62f (webtiles) character file.

Game seed: 10008096201398117195

53612 Demosthentine the Fighter (level 14, -4/101 (103) HPs)
             Began as a Demonspawn Gladiator on Mar 5, 2023.
             Was an Elder of Hepliaklqana.
             Slain by a reaper
             ... wielding a +3 vampiric scythe
              (13 damage)
             ... on level 2 of the Abyss.
             The game lasted 00:18:02 (14037 turns).

Demosthentine the Fighter (Demonspawn Gladiator)   Turns: 14037, Time: 00:18:02

HP:   -4/101 (103)  AC: 12    Str: 16    XL:     14   Next: 31%
MP:   21/21         EV: 24    Int: 11    God:    Hepliaklqana [****..]
Gold: 2802          SH:  0    Dex: 19    Spells: 13/13 levels left

rFire   . . .      SeeInvis .    L - +6 trident "Zirriust" {heavy, Dex+2}
rCold   + . .      Faith    .    (no shield)
rNeg    . . .      Spirit   .    M - +0 troll leather armour
rPois   .          Reflect  .    c - +1 helmet
rElec   .          Rampage  .    h - scarf {repulsion}
rCorr   +                        k - +0 pair of gloves
Will    +....                    (no boots)
Stlth   +                        (no amulet)
HPRegen 1.16/turn                b - +5 ring of evasion
MPRegen 0.17/turn                F - ring "Bimoogau" {rC+ rCorr}

@: slowed, lightly drained, repel missiles, unable to read, unable to drink,
very slow
A: reduced essence, demonic guardian 2, augmentation 1, sharp scales 3, demonic
magic 3, demonic touch 1, [inability to drink after injury 2], [inability to
read after injury 1]
a: Renounce Religion, Recall Ancestor, Ancestor Identity, Transference, Idealise


You were on level 2 of the Abyss.
You worshipped Hepliaklqana.
Hepliaklqana was greatly pleased with you.
You visited 2 branches of the dungeon, and saw 15 of its levels.
You visited the Abyss 1 time.
You also visited: Bailey.

You collected 2802 gold pieces.

Inventory:

Hand Weapons
 L - the +6 trident "Zirriust" (weapon) {heavy, Dex+2}
   (You found it on level 11 of the Dungeon)

   Dex:       It affects your dexterity (+2).
Missiles
 d - a throwing net (quivered)
 e - a javelin
 D - 2 silver javelins
Armour
 c - a +1 helmet (worn)
 h - a scarf of repulsion (worn)
 k - a +0 pair of gloves (worn)
 M - a +0 troll leather armour (worn)
Jewellery
 a - a ring of ice
 b - a +5 ring of evasion (left hand)
 y - a ring of protection from fire
 F - the ring "Bimoogau" (right hand) {rC+ rCorr}
   (You found it on level 12 of the Dungeon)

   [ring of resist corrosion]

   rC:        It protects you from cold.
   rCorr:     It protects you from acid and corrosion.
 O - a ring of flight
Wands
 p - a wand of paralysis (20)
 s - a wand of light (10)
 w - a wand of flame (17)
 C - a wand of polymorph (12)
 P - a wand of roots (2)
Scrolls
 f - 4 scrolls of noise
 g - 2 scrolls of enchant armour
 o - a scroll of fear
 r - 3 scrolls of blinking
 u - 3 scrolls of fog
 G - 2 scrolls of butterflies
 I - 2 scrolls of silence
 J - 3 scrolls of magic mapping
 K - 2 scrolls of enchant weapon
 N - a scroll of identify
Potions
 i - 3 potions of attraction
 j - 2 potions of might
 l - a potion of haste
 m - 9 potions of curing
 n - a potion of ambrosia
 q - 5 potions of invisibility
 t - 5 potions of flight
 v - 5 potions of brilliance
 x - 2 potions of resistance
 z - a potion of lignification
 A - 3 potions of cancellation
 B - a potion of berserk rage
 H - 3 potions of mutation


   Skills:
 + Level 12.2 Fighting
 + Level 11.4 Polearms
 - Level 1.7 Throwing
 + Level 8.0 Armour
 + Level 11.4 Dodging
 - Level 7.6 Shields
 - Level 10.5 Invocations


You had 13 spell levels left.
You didn't know any spells.
Your spell library contained the following spells:

 Spells                   Type           Power      Damage    Failure   Level
 Beastly Appendage        Tmut           0%         N/A       38%         1
 Foxfire                  Conj/Fire      0%         2x1d4     38%         1
 Magic Dart               Conj           0%         1d3       38%         1
 Cigotuvi's Dreadful Rot  Necr/Pois/Air  0%         N/A       54%         2
 Lesser Beckoning         Tloc           0%         N/A       54%         2
 Poisonous Vapours        Pois/Air       0%         N/A       54%         2
 Searing Ray              Conj           0%         2d4       54%         2
 Sublimation of Blood     Necr           0%         N/A       54%         2
 Wereblood                Tmut           0%         N/A       54%         2
 Gell's Gravitas          Tloc           0%         N/A       77%         3
 Mephitic Cloud           Conj/Pois/Air  0%         N/A       77%         3
 Spider Form              Tmut/Pois      0%         N/A       77%         3
 Teleport Other           Tloc           0%         N/A       77%         3
 Tukima's Dance           Hex            0%         N/A       77%         3
 Anguish                  Hex/Necr       0%         N/A       99%         4
 Dispel Undead            Necr           0%         3d6       99%         4
 Fulminant Prism          Conj/Hex       0%         3d5       99%         4
 Manifold Assault         Tloc           0%         N/A       99%         4
 Passage of Golubria      Tloc           0%         N/A       99%         4
 Fireball                 Conj/Fire      0%         3d3       100%        5
 Iskenderun's Battlesphe  Conj           0%         2d6       100%        5
 Yara's Violent Unravell  Hex/Tmut       0%         3d3       100%        5
 Conjure Ball Lightning   Conj/Air       0%         3x3d6     100%        6
 Death Channel            Necr           0%         N/A       100%        6
 Starburst                Conj/Fire      0%         6d3       100%        6
 Enfeeble                 Hex            0%         N/A       100%        7
 Orb of Destruction       Conj           0%         9d5       100%        7
 Summon Hydra             Summ           0%         N/A       100%        7


Dungeon Overview and Level Annotations

Branches:
Dungeon (14/15)            Temple (1/1) D:4            Lair (0/5) D:9
    Orc (0/2) D:10         Vaults (0/5) D:14         Bailey (visited)

Altars:
Ashenzari
Cheibriados
Dithmenos
Fedhas
Gozag
Hepliaklqana
Kikubaaqudgha
Makhleb
Nemelex Xobeh
Okawaru
Qazlal
Ru
Sif Muna
Trog
Uskayaw
Vehumet
Wu Jian
Xom
Yredelemnul

Shops:
D:10 :

Annotations:
D:12 2 transporters
D:13 2 transporters, Heug's ghost, journeyman GrEE
D:14 Louise


Innate Abilities, Weirdness & Mutations

Your life essence is reduced to manifest your ancestor. (-10% HP)
A demonic guardian rushes to your aid.
Your magical and physical power is slightly enhanced at high health.
You are completely covered in razor-sharp scales. (AC +3, Slay +3)
Spells you cast and wands you use may paralyse nearby enemies.
Your touch may inflict minor irresistible damage on your foes.
[You sometimes lose the ability to drink potions when taking damage.]
[You occasionally lose the ability to read scrolls when taking damage.]


Message History

The quasit claws something but does no damage.
The quasit closely misses something.
The reaper misses you.
The raiju bursts into living lightning!
The living lightning hits the raiju.
The raiju completely resists.
The living lightning hits you!
* * * LOW HITPOINT WARNING * * *
The raiju blinks! x2
Your sun demon hits the lich!!
The lich is engulfed in flames!
The lich casts a spell at you.
You feel yourself slow down.
Unknown command.
You cannot read scrolls in your current state!
Unknown command.
The reaper beckons to you.
A bone dragon comes into view.
The lich casts a spell.
The lich seems to speed up.
The lich touches you but does no damage.
The raiju closely misses your sun demon.
Your sun demon closely misses the reaper.
The lich attacks as you move away! The lich completely misses you.
The raiju bites your sun demon but does no damage.
The lich touches you!
* * * LOW HITPOINT WARNING * * *
A demonic guardian appears!
You feel drained.
* * * LOW HITPOINT WARNING * * *
The reaper misses you.
A starcursed mass comes into view.
Your sun demon disappears in a puff of smoke!
The lich barely misses you.
A starcursed mass splits.
The lich completely misses you.
Unknown command.
Your sun demon hits the lich!
The lich is engulfed in flames!
The bone dragon bites your sun demon! The bone dragon claws your sun demon!
The bone dragon tramples your sun demon!
Your sun demon holds its ground!
Your sun demon hits the bone dragon but does no damage.
The lich touches you but does no damage.
The reaper hits you from afar with a +3 vampiric scythe!
You die...

#.## #. #...###.....
##..... #.. . #
#####.###.###.###.
#. .#..##..#...##...
#.##..#...##..#. .#
#.#.D###....##.2. #
#.#3..h#..##.#h#.#
#.@L2.X5#.# ..3.. #
#.##.######.35...###
.. ##.# #..##......
#. X# #<..# ..... #
.# ##. .. .#.. X#
#.....#### ## ##│.
#..# .. \##.## #
.###─ ..#


You could see a bone dragon (ally target), a starcursed mass, a tentacled
starspawn, a lich (fast), a reaper, a raiju, a quasit and a friendly sun demon
(summoned).

Vanquished Creatures
  A tentacled starspawn (Abyss:2)
  A hydra (D:14)
  3 boulder beetles
  A centaur warrior (D:13)
  2 thrashing horrors (Abyss:2)
  6 two-headed ogres
  The ghost of Pokonic1 the Blocker, a novice GrFi of Qazlal (D:8)
  Amaemon (D:8)
  A wretched star (Abyss:2)
  Lodul (D:14)
  A flayed ghost (Abyss:2)
  Pikel (D:4)
  A large abomination (Abyss:2)
  2 deep elf pyromancers (D:12)
  A wolf spider zombie (D:7)
  3 ugly things (D:14)
  A worldbinder (Abyss:2)
  2 manticores
  2 cyclopes
  An apocalypse crab (Abyss:2)
  3 centaur zombies (D:7)
  An eye of devastation (shapeshifter) (D:14)
  An unseen horror (D:11)
  2 gargoyles (D:14)
  An orange demon (D:8)
  2 kobold demonologists
  An ancient zyme (Abyss:2)
  A yaktaur (D:14)
  6 trolls
  2 hellwings
  A raiju (Abyss:2)
  2 meliai zombies (D:7)
  A vampire (D:12)
  5 slime creatures
  7 humans (D:14)
  22 yaks
  3 wraiths
  2 steam dragons
  4 vampire mosquitoes
  An acid dragon (D:9)
  4 ice beasts
  11 orc warriors
  A black bear (D:5)
  A wolf (D:9)
  3 boggarts (D:14)
  A lemure (D:4)
  9 centaurs
  3 phantoms
  8 ogres
  3 kobold brigands
  3 scorpions
  A bullfrog (D:7)
  22 wights
  14 killer bees
  3 small abominations (Abyss:2)
  5 electric eels
  2 quasits (Abyss:2)
  Crazy Yiuf (D:7)
  5 orc priests
  12 hounds
  2 iron imps (D:7)
  2 iguanas
  A sleepcap (D:8)
  Ijyb (D:4)
  A hexer (D:8)
  5 orc wizards
  Robin (D:3)
  18 gnolls
  7 adders
  4 shadow imps (D:7)
  A white imp (D:7)
  An ufetubus (D:6)
  3 worms
  3 dart slugs
  27 orcs
  3 bats
  5 endoplasms
  7 giant cockroaches
  26 goblins
  10 hobgoblins
  3 jackals
  4 quokkas
  7 ball pythons
  3 frilled lizards
  19 kobolds
  4 rats
381 creatures vanquished.

Vanquished Creatures (collateral kills)
  A centaur warrior (D:13)
  A two-headed ogre (D:11)
  A boulder beetle (D:14)
  A thrashing horror (Abyss:2)
  An orc high priest (Bailey)
  An ugly thing (D:11)
  A smoke demon (Abyss:2)
  A kobold demonologist (Bailey)
  4 slime creatures
  A steam dragon (D:6)
  6 yaks
  7 humans (D:14)
  2 vampire mosquitoes (D:14)
  A large abomination (Abyss:2)
  4 orc warriors (Bailey)
  An ogre (D:14)
  A wolf (D:9)
  5 centaurs
  A gnoll sergeant (D:11)
  4 wights
  An iron imp (D:7)
  A jelly (D:7)
  2 orc priests (D:7)
  A hound (D:9)
  4 orc wizards
  6 gnolls
  3 orcs
  3 goblins
  A quokka (D:3)
  A kobold (D:8)
68 creatures vanquished.

Vanquished Creatures (others)
  A boggart (D:14)
  8 hexers
  3 ancestors (D:7)
  4 bushes (D:8)
  13 plants (D:8)
  6 starspawn tentacles (Abyss:2)
  2 withered plants (D:7)
37 creatures vanquished.

Grand Total: 486 creatures vanquished

Notes
Turn   | Place    | Note
-------+----------+-------------------------------------------
     0 | D:1      | Demosthentine the Demonspawn Gladiator began the quest for
                  | the Orb.
     0 | D:1      | Reached XP level 1. HP: 16/16 MP: 1/1
   142 | D:1      | Gained mutation: Your touch may inflict minor irresistible
                  | damage on your foes. [demonic ancestry]
   142 | D:1      | Reached XP level 2. HP: 22/22 MP: 2/2
   421 | D:1      | Reached skill level 1 in Armour
   582 | D:1      | Identified a scroll of acquirement
   582 | D:1      | Acquired a scarf of repulsion
   624 | D:2      | Gained mutation: You are partially covered in razor-sharp
                  | scales. (AC +1, Slay +1) [demonic ancestry]
   624 | D:2      | Reached XP level 3. HP: 28/28 MP: 3/3
  1187 | D:2      | Found an opulent altar of Gozag.
  1400 | D:3      | Gained mutation: A weak demonic guardian rushes to your
                  | aid. [demonic ancestry]
  1400 | D:3      | Reached XP level 4. HP: 25/34 MP: 4/4
  1612 | D:3      | Noticed Robin
  1616 | D:3      | Killed Robin
  1625 | D:3      | Reached skill level 3 in Fighting
  2085 | D:3      | Reached XP level 5. HP: 14/41 MP: 5/5
  2275 | D:4      | Noticed a lemure
  2276 | D:4      | Noticed Ijyb
  2287 | D:4      | Killed a lemure
  2293 | D:4      | Killed Ijyb
  2296 | D:4      | Noticed a lemure
  2296 | D:4      | Noticed Pikel
  2299 | D:4      | Noticed a lemure
  2310 | D:4      | Killed Pikel
  2311 | D:4      | Reached skill level 4 in Fighting
  2311 | D:4      | Gained mutation: Spells you cast may paralyse adjacent
                  | enemies. [demonic ancestry]
  2311 | D:4      | Reached XP level 6. HP: 26/49 MP: 6/6
  2311 | D:4      | Reached XP level 7. HP: 29/55 MP: 7/7
  2783 | D:4      | Found a staircase to the Ecumenical Temple.
  2791 | Temple   | Entered the Ecumenical Temple
  3114 | Temple   | Became a worshipper of Hepliaklqana the Forgotten
  3359 | D:5      | Entered Level 5 of the Dungeon
  3479 | D:5      | Found a sacrificial altar of Ru.
  3480 | D:5      | Found a basalt altar of Yredelemnul.
  3481 | D:5      | Noticed a two-headed ogre
  3693 | D:5      | Reached skill level 5 in Dodging
  3722 | D:5      | Killed a two-headed ogre
  3723 | D:5      | Reached skill level 5 in Fighting
  3723 | D:5      | Reached skill level 5 in Polearms
  3723 | D:5      | Gained mutation: A demonic guardian rushes to your aid.
                  | [demonic ancestry]
  3723 | D:5      | Reached XP level 8. HP: 44/64 MP: 8/8
  4076 | D:5      | Reached skill level 6 in Fighting
  4076 | D:5      | Reached skill level 5 in Armour
  4179 | D:5      | Gained mutation: Spells you cast may paralyse nearby
                  | enemies. [demonic ancestry]
  4179 | D:5      | Reached XP level 9. HP: 57/69 MP: 9/9
  4715 | D:6      | Reached * piety under Hepliaklqana
  4860 | D:6      | Found a sparkling altar of Nemelex Xobeh.
  4911 | D:6      | Reached skill level 7 in Fighting
  5484 | D:7      | Reached skill level 1 in Invocations
  5585 | D:7      | Noticed a hellwing
  5600 | D:7      | Noticed a hellwing
  5832 | D:6      | Killed a hellwing
  5833 | D:6      | Gained mutation: You are mostly covered in razor-sharp
                  | scales. (AC +2, Slay +2) [demonic ancestry]
  5833 | D:6      | Reached XP level 10. HP: 69/71 MP: 11/11
  5890 | D:7      | Reached skill level 8 in Fighting
  6102 | D:7      | Reached skill level 5 in Invocations
  6148 | D:7      | Found a burning altar of Makhleb.
  6268 | D:7      | Found an ornate altar of the Wu Jian Council.
  6414 | D:7      | Found a runed translucent door.
  6415 | D:7      | Noticed Crazy Yiuf
  6421 | D:7      | Killed Crazy Yiuf
  6487 | D:8      | Reached ** piety under Hepliaklqana
  6488 | D:8      | Remembered your ancestor Cashile as a hexer
  6555 | D:8      | Gained mutation: You are completely covered in razor-sharp
                  | scales. (AC +3, Slay +3) [demonic ancestry]
  6555 | D:8      | Reached XP level 11. HP: 78/78 MP: 15/15
  6590 | D:8      | Found a flagged portal.
  6628 | Bailey   | Entered a bailey
  6663 | Bailey   | Reached skill level 9 in Fighting
  6930 | Bailey   | Found an iron altar of Okawaru.
  6930 | Bailey   | Noticed an orc high priest
  6931 | Bailey   | Noticed a sixfirhy
  6950 | Bailey   | Killed an orc high priest
  7492 | D:8      | Noticed Pokonic1's ghost (novice GrFi)
  7496 | D:8      | Found a runed translucent door.
  7581 | D:8      | Found a shadowy altar of Dithmenos.
  7581 | D:8      | Noticed Amaemon
  7582 | D:8      | Found a hide-covered altar of Uskayaw.
  7591 | D:8      | Killed Amaemon
  7730 | D:8      | Found a blossoming altar of Fedhas.
  8189 | D:8      | Reached XP level 12. HP: 86/86 MP: 17/17
  8190 | D:8      | Acquired 1178 gold pieces
  8199 | D:8      | Killed Pokonic1's ghost
  8494 | D:9      | Found a staircase to the Lair.
  8887 | D:9      | Reached skill level 10 in Fighting
  9339 | D:10     | Entered Level 10 of the Dungeon
  9497 | D:10     | Noticed a two-headed ogre
  9508 | D:10     | Killed a two-headed ogre
  9576 | D:10     | Reached *** piety under Hepliaklqana
  9637 | D:10     | Found Puttamep's Tremendous Tomes.
  9699 | D:10     | Found a staircase to the Orcish Mines.
 10428 | D:11     | Noticed a two-headed ogre
 10442 | D:11     | Killed a two-headed ogre
 10491 | D:11     | Identified the +6 trident "Zirriust" {heavy, Dex+2}
 10522 | D:11     | Gained mutation: Spells you cast and wands you use may
                  | paralyse nearby enemies. [demonic ancestry]
 10522 | D:11     | Reached XP level 13. HP: 93/93 MP: 18/20
 10650 | D:11     | Reached skill level 10 in Dodging
 11005 | D:12     | Reached skill level 10 in Polearms
 11014 | D:12     | Identified the ring "Bimoogau" {rC+ rCorr}
 11017 | D:12     | Reached skill level 10 in Invocations
 11017 | D:12     | Reached **** piety under Hepliaklqana
 11138 | D:12     | Found a transporter.
 11248 | D:12     | Found a transporter.
 11382 | D:12     | Found a transporter.
 11570 | D:12     | Found a transporter.
 11723 | D:12     | Reached skill level 11 in Fighting
 12168 | D:13     | Found a transporter.
 12170 | D:13     | Noticed Heug's ghost (journeyman GrEE)
 12176 | D:13     | Found a transporter.
 12197 | D:13     | Found a shimmering altar of Xom.
 12197 | D:13     | Found a shimmering altar of Xom.
 12198 | D:13     | Found a shimmering altar of Xom.
 12650 | D:13     | Found a shimmering altar of Xom.
 13213 | D:14     | Noticed Louise
 13507 | D:14     | Got Ruewacza's Casting Continued
 13539 | D:14     | Noticed Lodul
 13564 | D:14     | Killed Lodul
 13569 | D:14     | Gained mutation: Your magical and physical power is
                  | slightly enhanced at high health. [demonic ancestry]
 13569 | D:14     | Reached XP level 14. HP: 89/102 MP: 21/21
 13706 | D:14     | Found a gate to the Vaults.
 13708 | Abyss:2  | Cast into level 2 of the Abyss (Louise)
 13818 | Abyss:2  | Reached skill level 12 in Fighting
 13914 | Abyss:2  | Noticed a tentacled starspawn
 13922 | Abyss:2  | Killed a tentacled starspawn
 14008 | Abyss:2  | Noticed a tentacled starspawn
 14011 | Abyss:2  | Noticed a brown very ugly thing
 14011 | Abyss:2  | Noticed a white very ugly thing
 14011 | Abyss:2  | Noticed a red very ugly thing
 14020 | Abyss:2  | Noticed a lich
 14022 | Abyss:2  | Noticed a reaper
 14026 | Abyss:2  | HP: 1/103 [raiju/living lightning (10)]
 14033 | Abyss:2  | Noticed a bone dragon
 14037 | Abyss:2  | Slain by a reaper

Illustrated notes

Levels and vault maps discovered:
D:1:      lightli_arrival_chessboard, layout_rooms, minmay_misc_feat_chi,
          feat_on_display
D:2:      kennysheep_six_static_rooms, layout_basic, basic_altar,
          minmay_misc_feat_four_crosses
D:3:      layout_basic, uniq_robin
D:4:      layout_loops_ring, zin_statuary, minmay_temple_entry_enclosed_plants,
          uniq_pikel, uniq_ijyb
D:5:      minmay_polygon_palace, layout_basic, jmf_multi_god_temple
D:6:      layout_cave_pools, nemelex_diamond_rough_becter,
          minmay_misc_feat_diagonals
D:7:      cheibrodos_grave_circle, layout_rooms,
          pdpol_wu_jian_five_deadly_venoms, demons_altar,
          kennysheep_generic_room_9, uniq_crazy_yiuf_cottage
D:8:      layout_loops_ring, chequers_temple_overflow_statue_of_worship,
          fedhas_altar_decomposition, hellmonk_ghost_happy_afterlife,
          enter_bailey_2, uniq_amaemon
D:9:      layout_basic, erik_lair_island
D:10:     layout_basic, orc_0_dummy, minmay_variable_closet,
          nicolae_shop_i_like_big_books
D:11:     layout_rooms
D:12:     layout_basic, nicolae_diode_intersection
D:13:     layout_basic, gammafunk_ghost_mausoleum, xom_redecorated
D:14:     layout_basic, grunt_vaults_entry_tiered, fiery_altar_vehumet,
          hex_medium, uniq_louise, uniq_agnes, uniq_lodul
Temple:   oiseaux_autumnal_temple
Abyss:2:  base: D:14, base:
D:14

Skill      XL: |  1  2  3  4  5  6  7  8  9 10 11 12 13 14 |
---------------+-------------------------------------------+-----
Polearms       | 3 4 5 6 7 8 9 11 | 11.4
Armour         | 1 2 3 4 5 6 7 8 |  8.0
Dodging        | 3 4 5 6 7 8 9 11 | 11.4
Fighting       | 3 4 5 6 7 8 9 10 11 12 | 12.2
Invocations    | 2 6 7 9 10 | 10.5
Shields        | 7 |  7.6
Throwing       | |  1.7

Action                     |  1- 3 |  4- 6 |  7- 9 | 10-12 | 13-15 || total
---------------------------+-------+-------+-------+-------+-------++-------
  Melee: Trident           |    95 |    97 |   328 |     4 |   358 ||   882
         Touch             |     9 |    13 |    63 |    94 |    68 ||   247
         Punch             |       |       |     3 |     4 |     9 ||    16
         Spear             |       |       |    30 |   555 |       ||   585
  Throw: Throwing net      |       |     2 |     2 |       |       ||     4
 Invoke: Ancestor Life: He |       |       |       |     1 |       ||     1
    Use: Scroll            |     8 |     2 |     9 |     7 |    11 ||    37
         Potion            |       |     2 |     2 |     2 |     5 ||    11
   Stab: Sleeping          |     2 |       |       |     1 |     2 ||     5
         Held in net/web   |       |     2 |     4 |       |       ||     6
         Distracted        |       |       |     2 |     8 |    10 ||    20
         Confused          |       |       |       |    11 |     2 ||    13
 Armour: Leather armour    |    25 |    28 |    80 |    14 |    18 ||   165
         Steam dragon scal |       |       |    34 |    32 |       ||    66
         Troll leather arm |       |       |       |       |    48 ||    48
  Dodge: Dodged            |    30 |    66 |   323 |   242 |   351 ||  1012
         Repelled          |       |       |     2 |     2 |     9 ||    13

Table legend: (Time is in decaauts)
 A = Elapsed time spent in this place.
 B = Non-inter-level travel time spent in this place.
 C = Inter-level travel time spent in this place.
 D = Time resting spent in this place.
 E = Time spent auto-exploring this place.
 F = Levels seen in this place.
 G = Mean time per level.
                   A        B        C        D        E       F      G
               +--------+--------+--------+--------+--------+-----+--------+
         Total |  13971 |  13678 |    293 |    637 |  10130 |  17 |  821.8 |
       Dungeon |  12492 |  12270 |    222 |    543 |   9190 |  14 |  892.3 |
        Temple |    362 |    291 |     71 |      0 |    275 |   1 |  362.0 |
         Abyss |    345 |    345 |      0 |     44 |    145 |   1 |  345.0 |
        Bailey |    771 |    771 |      0 |     50 |    519 |   1 |  771.0 |
               +--------+--------+--------+--------+--------+-----+--------+

Top non-repeatable levels by time:
     D:5: 1213 daAuts
    D:12: 1133 daAuts
    D:10: 1057 daAuts
     D:9: 1021 daAuts
    D:13: 998 daAuts
     D:8: 982 daAuts
     D:4: 974 daAuts
     D:6: 966 daAuts
     D:3: 797 daAuts
     D:2: 792 daAuts
  Bailey: 771 daAuts
     D:7: 755 daAuts
    D:14: 677 daAuts
     D:1: 609 daAuts
    D:11: 512 daAuts
